Unix NetHack Version 3.7.0-95 Work-in-progress - last build Jan 1 2024 20:51:50 (6a0ccc5fa2390e420dd2d488a2f9488d2ae3a63b,branch:master). Game began 2024-01-04 17:43:17, ended 2024-01-04 18:13:10. Arasaka, chaotic male elven Ranger ----------- |.........| +.......a.. |.....$..@| |.......... ----------- Arasaka the Lookout St:15 Dx:12 Co:16 In:13 Wi:14 Ch:7 Chaotic Dlvl:8 $:302 HP:0(40) Pw:38(38) AC:1 Xp:5/274 T:2177 Latest messages: The ape just misses! The ape hits! The ape bites! You hit the ape. The ape hits! The ape misses! The ape bites! You swap places with Korone. The ape is almost hit by a dart! You climb up the stairs. You descend the stairs. The ape hits! The ape hits again! The ape bites! You hit the ape. The ape hits! The ape hits again! The ape misses! You miss the ape. You hit the ape. The ape hits! The ape misses! The ape bites! You hit the ape. You hit the ape. The ape hits! The ape hits again! The ape misses! You hit the ape. You hit the ape. The ape hits! The ape hits again! The ape bites! You kill the ape! Korone eats an ape corpse. You swap places with Korone. You see here a chest. Hmmm, the chest turns out to be locked. Unlock it with your lock pick? [ynq] (q) You succeed in picking the lock. H - a dark potion. There is a dart trap here. You see here a dart. A little dart shoots out at you! A little dart misses you. You descend the stairs. I - a scroll labeled NR 9. The soldier ant bites! The soldier ant stings! You die... Inventory: Coins ('$') $ - 302 gold pieces Amulets ('"') u - a cursed amulet of change Weapons (')') c - 59 uncursed +2 elven arrows d - 31 uncursed +0 elven arrows (in quiver) B - an uncursed +1 elven bow (alternate weapon; not wielded) a - an uncursed +1 elven dagger (weapon in left hand) h - an uncursed +0 orcish dagger Armor ('[') i - an uncursed +0 orcish helm (being worn) j - a blessed +0 pair of speed boots (being worn) p - an uncursed +0 small shield (being worn) A - an uncursed +0 cloak of displacement e - a blessed +2 elven cloak (being worn) D - an uncursed +0 studded leather armor (being worn) Comestibles ('%') g - an uncursed food ration f - 6 uncursed lembas wafers Scrolls ('?') E - an uncursed scroll of amnesia y - a blessed scroll of create monster z - a blessed scroll of identify t - an uncursed scroll of identify I - an uncursed scroll of light Potions ('!') w - an uncursed potion of booze n - an uncursed potion of extra healing q - an uncursed potion of gain ability H - an uncursed potion of gain energy m - 2 uncursed potions of healing Rings ('=') v - an uncursed -1 ring of increase damage F - an uncursed ring of searching o - an uncursed ring of stealth Wands ('/') r - an uncursed wand of fire (0:7) Tools ('(') s - an uncursed expensive camera (0:96) C - an uncursed lock pick b - an uncursed magic whistle Arasaka the Ranger's attributes: Background: You were a Lookout, a level 5 male elven Ranger. You were chaotic, on a mission for Mars who was opposed by Mercury (lawful) and Venus (neutral). You were left-handed. You were in the Dungeons of Doom, on level 8. You entered the dungeon 2177 turns ago. You had 274 experience points, 46 more were needed to attain level 6. Basics: You had 0 out of 40 hit points. You had all 38 energy points (spell power). Your armor class was 1. Your wallet contained 302 zorkmids. Autopickup was on for '$"?' plus thrown, with exceptions. Final Characteristics: Your strength was 15 (limit:18). Your dexterity was 12 (limit:18). Your constitution was 16 (limit:16). Your intelligence was 13 (limit:20). Your wisdom was 14 (limit:20). Your charisma was 7 (limit:18). Final Status: You weren't hungry. You were unencumbered. You were wielding a dagger. You had basic skill with dagger and could have enhanced that. Final Attributes: You were devoutly aligned. You were sleep resistant. You had automatic searching. You had infravision. You were stealthy. You were warded. You were very fast. You are dead. Miscellaneous: You disabled loading of bones levels. Total elapsed playing time was 29 minutes and 52 seconds. Major events: Turn 1: Arasaka the chaotic male elven Ranger entered the dungeon 840: entered the Gnomish Mines 865: attained the rank of Lookout (level 3) 1459: entered Sokoban 2177: killed by a soldier ant Vanquished creatures: a small mimic an ape a rock mole a pony a violet fungus a straw golem a little dog a homunculus a kobold leader a kobold shaman a centipede a werejackal an iguana 2 acid blobs 3 hobbits 2 large kobolds a giant rat a brown mold a red mold a gnome 4 geckos a jackal a kobold a goblin a bat 3 lichens a kobold zombie 3 newts 39 creatures vanquished. No species were genocided or became extinct. Voluntary challenges: You read items or engraved 3 times. You never engraved Elbereth. You never genocided any monsters. You never polymorphed an object. You never changed form. You used no wishes. You did not violate any of the special Sokoban rules. Achievements: You entered the Gnomish Mines. You attained the rank of Lookout. You entered Sokoban. You entered a shop. The Dungeons of Doom: levels 1 to 8 Level 1: "l" Level 2: Level 3: "l" Some sinks. Stairs down to The Gnomish Mines. Level 4: A fountain. Level 5: Many fountains. Oracle of Delphi. Level 6: A fountain. Stairs up to Sokoban, level 5. Level 7: A sink. Level 8: <- You were here. Final resting place for you, killed by a soldier ant. The Gnomish Mines: Level 4: Sokoban: Level 5: Unsolved. Game over: ---------- / \ / REST \ / IN \ / PEACE \ / \ | Arasaka | | 302 Au | | killed by a | | soldier ant | | | | | | 2024 | *| * * * | * _________)/\\_//(\/(/\)/\//\/|_)_______ Goodbye Arasaka the Ranger... You died in The Dungeons of Doom on dungeon level 8 with 1728 points, and 302 pieces of gold, after 2177 moves. You were level 5 with a maximum of 40 hit points when you died.